 Dungeon Crawl Stone Soup version 0.23.2-40-g277498a (webtiles) character file.

Game seed: 13735170894501669293

326737 Fang the Warrior (level 21, -5/146 HPs)
             Began as a Gargoyle Berserker on Sept 5, 2019.
             Was the Champion of Trog.
             Slain by a deep troll shaman (11 damage)
             ... led by an ironheart preserver
             ... on level 3 of the Vaults on Sept 6, 2019.
             The game lasted 00:54:56 (40559 turns).

Fang the Warrior (Gargoyle Berserker)              Turns: 40559, Time: 00:54:57

Health: -5/146     AC: 53    Str: 32    XL:     21   Next: 65%
Magic:  21/21      EV: 16    Int:  9    God:    Trog [******]
Gold:   1671       SH:  0    Dex: 11    Spells: 20/20 levels left

rFire    + . .     SeeInvis +   F - +7 war axe of Governance {chop, Fragile rC+ rN+ Str+2}
rCold    + . .     Gourm    +   (no shield)
rNeg     + + .     Faith    .   s - +6 plate armour "Rytsoa" {rElec rF+ Dex+2 Slay+3}
rPois    ∞         Spirit   .   (no helmet)
rElec    +         Reflect  .   j - +2 cloak
rCorr    .         Harm     .   t - +0 pair of gloves "Kieb" {MR++} (curse)
MR       +++..                  R - +2 pair of boots {Stlth+}
Stlth    ..........             l - amulet of the gourmand
HPRegen  0.34/turn              h - +3 ring of protection
MPRegen  0.17/turn              u - ring of see invisible

@: flying
A: big wings, negative energy resistance 1, electricity resistance, unbreathing,
petrification resistance, rot immunity, AC +16
}: 2/15 runes: serpentine, barnacled
a: Stop Flying, Berserk, Trog's Hand, Brothers in Arms, Renounce Religion


You were on level 3 of the Vaults.
You worshipped Trog.
Trog was exalted by your worship.
You were very full.

You visited 9 branches of the dungeon, and saw 39 of its levels.
You visited the Abyss 1 time.
You also visited: Bailey and Gauntlet.

You collected 4082 gold pieces.
You spent 2411 gold pieces at shops.

Inventory:

Hand Weapons
 z - a +6 executioner's axe of protection
 A - a +3 battleaxe of freezing
 F - the +7 war axe of Governance (weapon) {chop, Fragile rC+ rN+ Str+2}
   (You acquired it on level 3 of the Lair of Beasts)

   It inflicts extra damage upon your enemies.
   It affects your strength (+2).
   It protects you from cold.
   It protects you from negative energy.
   It will be destroyed if unequipped.
 H - a +2 executioner's axe of flaming
 K - a +3 battleaxe of chopping
 P - the +3 executioner's axe "Kuniur" {chop, rPois MR+}
   (Trog gifted it to you on level 6 of the Lair of Beasts)

   It inflicts extra damage upon your enemies.
   It protects you from poison.
   It affects your resistance to hostile enchantments.
 Y - the +8 frozen axe "Frostbite" {freezing cloud, *Noise +Fly rC+}
   (Trog gifted it to you on level 4 of the Snake Pit)

   It has been specially enchanted to freeze those struck by it, causing extra
   injury to most foes and up to half again as much damage against particularly
   susceptible opponents.
   It can also slow down cold-blooded creatures.
   It protects you from cold.
   It lets you fly.
   It may make noises in combat.
Armour
 j - a +2 cloak (worn)
 s - the +6 plate armour "Rytsoa" (worn) {rElec rF+ Dex+2 Slay+3}
   (You bought it in a shop on level 14 of the Dungeon)

   It affects your dexterity (+2).
   It affects your accuracy and damage with ranged weapons and melee attacks
   (+3).
   It protects you from fire.
   It insulates you from electricity.
 t - the cursed +0 pair of gloves "Kieb" (worn) {MR++}
   (You found it on level 3 of the Vaults)

   It affects your resistance to hostile enchantments.
   It has a curse placed upon it.
 R - a +2 pair of boots of stealth (worn)
Jewellery
 h - a +3 ring of protection (left hand)
 l - an amulet of the gourmand (around neck)
 m - an uncursed ring of protection from fire
 u - a ring of see invisible (right hand)
 w - an uncursed ring of protection from cold
 B - an uncursed ring of resist corrosion
 I - a +3 ring of slaying
 N - the ring "Huabryoq" {*Contam +Fly rN+ Stlth-}
   (You took it off a vampire on level 14 of the Dungeon)

   [ring of attention]

   It protects you from negative energy.
   It lets you fly.
   It causes magical contamination when unequipped.
   It makes you less stealthy.
 T - an uncursed ring of protection from magic
Wands
 a - a wand of polymorph (10)
 d - a wand of random effects (152)
 q - a wand of disintegration (10)
 v - a wand of flame (108)
 x - a wand of enslavement (28)
 C - a wand of iceblast (18)
 G - a wand of acid (29)
 M - a wand of scattershot (6)
 O - a wand of digging (13)
 X - a wand of paralysis (15)
Scrolls
 b - 2 scrolls of enchant armour
 e - 11 scrolls of teleportation
 f - 16 scrolls of remove curse
 k - 5 scrolls of identify
 n - 6 scrolls of fog
 o - 5 scrolls of magic mapping
 y - a scroll of enchant weapon
 J - 5 scrolls of blinking
 U - 2 scrolls of fear
 V - a scroll of holy word
Potions
 g - 3 potions of haste
 i - 10 potions of heal wounds
 p - 10 potions of curing
 r - 4 potions of cancellation
 E - 2 potions of berserk rage
 L - 5 potions of agility
 Q - a potion of ambrosia
 S - a potion of resistance
 Z - a potion of might
Comestibles
 c - 55 rations
 D - 24 chunks of flesh


   Skills:
 + Level 20.2 Fighting
 + Level 17.5 Axes
 + Level 19.5 Armour
 + Level 15.7 Dodging


You had 20 spell levels left.
You didn't know any spells.
Your spell library was empty.

Dungeon Overview and Level Annotations

Branches:
Dungeon (15/15)            Temple (1/1) D:5            Lair (6/6) D:11
 Shoals (4/4) Lair:4        Snake (4/4) Lair:2        Slime (0/5) Lair:5
    Orc (2/2) D:10            Elf (3/3) Orc:2        Vaults (3/5) D:13
  Crypt (0/3) Vaults:2     Depths (1/5) D:15

Altars:
Cheibriados
Dithmenos
Elyvilon
Fedhas
Gozag
Kikubaaqudgha
Makhleb
Qazlal
Sif Muna
Uskayaw
Vehumet
Xom
Yredelemnul
Zin
The Shining One
Beogh
Jiyva
Lugonu

Shops:
D:9 :   D:13 *   D:14 [   Orc:1 ?   Orc:2 **?%(   Snake:1 :*([   Snake:4 }=}!
Vaults:2 !

Portals:
Trove: Elf:2 (give +3 shadow dragon scales)

Annotations:
D:10 2 runed translucent doors
D:13 2 transporters
Lair:3 exclusion: oklob plant
Snake:1 exclusion: Roxanne, Roxanne


Innate Abilities, Weirdness & Mutations

You are resistant to torment.
Your stone body is resilient. (AC +16)
You are immune to poison.
Your large and strong wings let you fly indefinitely.
You resist negative energy. (rN+)
You are resistant to electric shocks. (rElec)
You can survive without breathing.
You are immune to petrification.
You are immune to rotting.


Message History

You slice the large slime creature!!
The large slime creature is severely wounded.
You slash the deep troll shaman!
Your iron troll bites the deep troll shaman!!
The deep troll shaman dies!
Trog accepts your kill. The large slime creature hits you!
* * * LOW HITPOINT WARNING * * *
The deep troll shaman bites you!!
* * * LOW HITPOINT WARNING * * *
The deep troll shaman claws you but does no damage. x2
You slash the large slime creature!
The large slime creature is almost dead.
You barely miss the deep troll shaman.
Your iron troll bites the slime creature!!
Your iron troll claws the slime creature!! x2
The slime creature dies!
Trog accepts your kill. The deep troll shaman bites you!
You die...

#........# #[.......#
#........# ###
#........# ..#
#..).....# ..#
#.T......# ..#
######'###### ..#
#.....J.....# .##
#.....@T....# .#
#....>......# .#
#...........# .#
######...........#
.#####....(...........#
#.........#.††........#
)........##..†........#
.#..##..#.+..)........#
#.##..##..#...........#


You could see a large slime creature, a deep troll shaman and a friendly iron
troll (berserk).

Vanquished Creatures
  Jorgrun (Shoals:1)
  Asterion (Vaults:2)
  2 krakens
  A sphinx (Vaults:3)
  Kirke (Snake:1)
  7 nagarajas
  Aizul (Snake:3)
  2 deep elf sorcerers
  A draconian scorcher (Abyss:3)
  An orc warlord (Orc:2)
  5 vault wardens
  4 ironheart preservers
  6 stone giants
  A deep elf demonologist (D:15)
  A dire elephant (Lair:6)
  A minotaur (Gauntlet)
  A merfolk javelineer (Shoals:2)
  Snorg (Orc:1)
  3 merfolk impalers
  9 ogre magi
  2 ettins
  A fire dragon (Vaults:1)
  Josephine (Snake:1)
  8 vault guards
  5 yaktaur captains
  7 hydras
  20 naga warriors
  Erolcha (D:10)
  2 death knights
  Harold (Orc:1)
  6 anacondas
  4 merfolk aquamancers (Shoals:4)
  A catoblepas (Lair:6)
  4 merfolk avatars
  3 satyrs
  36 two-headed ogres
  17 dancing weapons
  9 centaur warriors
  A deep troll shaman (Vaults:1)
  3 death yaks (Lair:6)
  A tengu warrior (D:15)
  2 deep troll earth magi (Vaults:1)
  23 deep elf knights
  Urug (D:11)
  8 shock serpents
  A thrashing horror (Abyss:3)
  A wretched star (Abyss:3)
  21 naga sharpshooters
  9 skeletal warriors
  6 salamander mystics
  21 sea snakes
  2 flayed ghosts (Vaults:2)
  A glowing orange brain (Vaults:3)
  5 deep trolls (Vaults:1)
  2 unseen horrors (shapeshifter) (Vaults:1)
  2 unseen horrors
  2 lindwurms (Lair:6)
  A wizard (Vaults:1)
  6 naga ritualists
  9 ironbrand convokers
  8 deep elf archers
  17 harpies
  2 large abominations (Abyss:3)
  A necromancer (Vaults:3)
  Pikel (D:4)
  41 deep elf magi
  8 orc knights
  12 ugly things
  10 manticores
  24 fauns
  3 cyclopes
  8 mana vipers
  5 orc sorcerers
  8 merfolk sirens
  16 salamanders
  3 centaur zombies
  Maurice (D:9)
  5 vault sentinels
  10 water nymphs
  2 elephants (Lair:6)
  A fire giant skeleton (Vaults:3)
  19 naga magi
  38 black mambas
  6 guardian serpents
  3 gargoyles
  15 spiny frogs
  A smoke demon (Abyss:3)
  A minotaur zombie (Gauntlet)
  2 efreet
  20 yaktaurs
  4 rime drakes
  A human zombie (Vaults:3)
  10 komodo dragons
  A yaktaur (shapeshifter) (D:13)
  2 freezing wraiths (Vaults:2)
  12 trolls
  6 hornets
  3 polar bears
  A wind drake (shapeshifter) (D:15)
  4 wind drakes
  11 merfolk
  5 slime creatures
  25 blink frogs
  A raiju (Gauntlet)
  6 snapping turtles
  7 dream sheep
  14 hippogriffs
  7 wyverns
  A ynoxinul (Abyss:3)
  4 wraiths
  A spriggan (D:7)
  6 water elementals
  2 air elementals
  A wyvern (shapeshifter) (Elf:1)
  4 shadows
  3 fire elementals
  7 hogs (Snake:1)
  42 yaks
  A hungry ghost (Shoals:3)
  A neqoxec (Gauntlet)
  2 vampires
  2 chaos spawn
  2 basilisks
  7 vampire mosquitoes
  A small abomination (Abyss:3)
  6 wargs
  39 nagas
  A soldier ant (D:14)
  Duvessa (D:5)
  18 water moccasins
  39 orc warriors
  13 porcupines
  A black bear (shapeshifter) (Vaults:2)
  4 black bears
  2 eyes of draining (D:13)
  2 ice beasts
  A slave (D:4)
  3 boggarts (D:15)
  5 sky beasts
  39 ogres
  3 phantoms
  14 wolves
  13 crocodiles
  30 centaurs
  14 bullfrogs
  Blork the orc (D:4)
  A gnoll sergeant (D:11)
  3 scorpions
  4 killer bees (D:10)
  Dowan (D:5)
  2 elf simulacra (Vaults:3)
  2 electric eels (Snake:1)
  22 wights
  5 howler monkeys
  5 bullfrog zombies
  5 crimson imps
  9 starcursed masses (Abyss:3)
  4 jellies
  27 orc priests
  3 hounds
  3 quasits
  5 centaur skeletons
  A bullfrog skeleton (D:9)
  Terence (D:3)
  Crazy Yiuf (D:7)
  10 iguanas
  Natasha (twice) (D:3)
  9 worker ants
  28 orc wizards
  A hell rat (Lair:6)
  2 lightning spires (Gauntlet)
  A killer bee zombie (D:8)
  A hound zombie (D:7)
  A hound skeleton (D:6)
  A worker ant zombie (D:10)
  Robin (D:3)
  6 gnolls
  20 adders
  8 shadow imps
  2 oozes
  An adder skeleton (D:9)
  2 worms
  4 dart slugs
  4 leopard geckos
  98 orcs
  4 bat skeletons (D:6)
  3 bat zombies (D:6)
  5 giant cockroaches
  12 hobgoblins
  13 jackals
  24 kobolds
  4 quokkas
  4 ball pythons
  12 bats
  9 frilled lizards
  25 goblins
  A leopard gecko skeleton (D:8)
  A leopard gecko zombie (D:6)
  9 rats
  5 fungi
  4 plants
1494 creatures vanquished.

Vanquished Creatures (collateral kills)
  An ironheart preserver (Vaults:3)
  A merfolk impaler (Shoals:4)
  A merfolk javelineer (Shoals:4)
  A naga warrior (Snake:4)
  An ice dragon (Vaults:3)
  A merfolk avatar (Shoals:4)
  2 two-headed ogres (Vaults:2)
  A deep troll shaman (Vaults:3)
  A deep troll earth mage (Vaults:3)
  A cyclops (Shoals:2)
  A salamander (Snake:4)
  A guardian serpent (Snake:4)
  A yaktaur (Vaults:2)
  A slime creature (Vaults:3)
  A naga (Snake:4)
  An acid dragon (Vaults:2)
  An ogre (Vaults:2)
  A tentacle (Shoals:4)
19 creatures vanquished.

Vanquished Creatures (others)
  A merfolk aquamancer (Shoals:4)
  A soldier ant (D:15)
  An adder (D:12)
  48 fungi
  6 plants
  7 tentacles
64 creatures vanquished.

Grand Total: 1577 creatures vanquished

Notes
Turn   | Place    | Note
-------+----------+-------------------------------------------
     0 | D:1      | Fang the Gargoyle Berserker began the quest for the Orb.
     0 | D:1      | Reached XP level 1. HP: 14/14 MP: 1/1
   399 | D:1      | Reached XP level 2. HP: 19/19 MP: 2/2
   754 | D:1      | Reached XP level 3. HP: 14/23 MP: 3/3
  1487 | D:2      | Reached XP level 4. HP: 28/29 MP: 4/4
  1491 | D:2      | Reached ** piety under Trog
  1675 | D:2      | Reached skill level 4 in Fighting
  2080 | D:3      | Noticed an orc warrior
  2091 | D:3      | Reached XP level 5. HP: 22/33 MP: 5/5
  2094 | D:3      | Killed an orc warrior
  2094 | D:3      | Reached XP level 6. HP: 20/39 MP: 6/6
  2147 | D:3      | Noticed an ice beast
  2164 | D:2      | Killed an ice beast
  2497 | D:3      | Noticed Terence
  2523 | D:3      | Killed Terence
  2576 | D:3      | Reached *** piety under Trog
  2767 | D:3      | Reached skill level 5 in Fighting
  2789 | D:3      | Noticed Natasha
  2796 | D:3      | Noticed Robin
  2808 | D:3      | Killed Natasha
  2808 | D:3      | Reached XP level 7. HP: 38/44 MP: 7/7
  2866 | D:3      | Killed Robin
  2967 | D:3      | Noticed Natasha
  2974 | D:3      | Killed Natasha
  3540 | D:4      | Noticed Blork the orc
  3566 | D:4      | Killed Blork the orc
  3566 | D:4      | Reached skill level 5 in Armour
  3763 | D:4      | Noticed Pikel
  3773 | D:4      | Killed Pikel
  3773 | D:4      | Reached skill level 6 in Fighting
  3773 | D:4      | Reached skill level 5 in Axes
  3773 | D:4      | Reached XP level 8. HP: 51/51 MP: 8/8
  3971 | D:5      | Entered Level 5 of the Dungeon
  4011 | D:5      | Reached **** piety under Trog
  4106 | D:5      | Found a staircase to the Ecumenical Temple.
  4126 | Temple   | Entered the Ecumenical Temple
  4261 | D:5      | Noticed Dowan
  4264 | D:5      | Noticed Duvessa
  4279 | D:5      | Killed Dowan
  4286 | D:5      | Killed Duvessa
  4286 | D:5      | Reached XP level 9. HP: 28/56 MP: 9/9
  4585 | D:5      | Reached skill level 7 in Fighting
  4585 | D:5      | Reached skill level 5 in Dodging
  4695 | D:5      | Found an opulent altar of Gozag.
  4695 | D:5      | Found a basalt altar of Yredelemnul.
  4695 | D:5      | Found a deep blue altar of Sif Muna.
  4695 | D:5      | Found a hide-covered altar of Uskayaw.
  4702 | D:5      | Found a shadowy altar of Dithmenos.
  4706 | D:5      | Found a radiant altar of Vehumet.
  5377 | D:6      | Found a white marble altar of Elyvilon.
  5622 | D:6      | Noticed a two-headed ogre
  5626 | D:6      | Killed a two-headed ogre
  5626 | D:6      | Reached skill level 8 in Fighting
  5727 | D:6      | Received a gift from Trog
  5849 | D:6      | Found an ancient bone altar of Kikubaaqudgha.
  6054 | D:7      | Reached XP level 10. HP: 62/64 MP: 10/10
  6350 | D:7      | Found a blossoming altar of Fedhas.
  6646 | D:7      | Found a runed translucent door.
  6647 | D:7      | Noticed Crazy Yiuf
  6754 | D:7      | Killed Crazy Yiuf
  6883 | D:8      | Reached ***** piety under Trog
  7128 | D:8      | Found a stormy altar of Qazlal.
  7427 | D:8      | Noticed an unseen horror
  7430 | D:8      | Killed an unseen horror
  7430 | D:8      | Reached skill level 9 in Fighting
  7483 | D:9      | Noticed Maurice
  7498 | D:9      | Killed Maurice
  7620 | D:9      | Found Gytiro's Book Shop.
  7684 | D:9      | Reached XP level 11. HP: 57/71 MP: 11/11
  8007 | D:9      | Noticed a two-headed ogre
  8012 | D:9      | Killed a two-headed ogre
  8120 | D:9      | Found a glowing golden altar of the Shining One.
  8256 | D:10     | Entered Level 10 of the Dungeon
  8366 | D:10     | Noticed a fire dragon
  8366 | D:10     | Noticed an ice dragon
  8367 | D:10     | Found a runed translucent door.
  8367 | D:10     | Found a runed translucent door.
  8367 | D:10     | Noticed a fire dragon
  8368 | D:10     | Found the +2 shield of Resistance {rF+ rC+ MR+}
  8371 | D:10     | Noticed an ice dragon
  8419 | D:10     | Noticed Erolcha
  8426 | D:10     | Killed Erolcha
  8426 | D:10     | Reached skill level 10 in Fighting
  8538 | D:10     | Found a staircase to the Orcish Mines.
  8581 | D:10     | Found a roughly hewn altar of Beogh.
  9058 | D:11     | Reached skill level 10 in Armour
  9368 | D:11     | Noticed a two-headed ogre
  9375 | D:11     | Killed a two-headed ogre
  9503 | D:11     | Noticed a death knight
  9509 | D:11     | Killed a death knight
  9893 | D:11     | Noticed Urug
  9902 | D:11     | Killed Urug
 10142 | D:11     | Found a staircase to the Lair.
 10144 | D:11     | Reached XP level 12. HP: 79/79 MP: 12/12
 10150 | D:11     | Reached ****** piety under Trog
 10302 | D:11     | Received a gift from Trog
 10391 | D:11     | Reached skill level 11 in Fighting
 10711 | Lair:1   | Entered Level 1 of the Lair of Beasts
 11790 | Lair:2   | Found a staircase to the Snake Pit.
 12108 | Lair:2   | Identified a scroll of acquirement
 12616 | Lair:2   | Reached skill level 12 in Fighting
 12616 | Lair:2   | Reached XP level 13. HP: 87/87 MP: 13/13
 12636 | Lair:2   | Found a snail-covered altar of Cheibriados.
 12769 | Lair:2   | Reached skill level 13 in Fighting
 12974 | Lair:3   | Found a gate leading to a gauntlet.
 13034 | Gauntlet | Entered a Gauntlet
 13034 | Gauntlet | Found a large runed translucent door.
 13034 | Gauntlet | Found a large runed translucent door.
 13034 | Gauntlet | Found a large runed translucent door.
 13034 | Gauntlet | Found a large runed translucent door.
 13034 | Gauntlet | Found a runed translucent door.
 13034 | Gauntlet | Found a large runed translucent door.
 13034 | Gauntlet | Found a large runed translucent door.
 13034 | Gauntlet | Found a transporter.
 13034 | Gauntlet | Found a transporter.
 13034 | Gauntlet | Found a large runed translucent door.
 13034 | Gauntlet | Found a large runed translucent door.
 13034 | Gauntlet | Found a runed translucent gate.
 13034 | Gauntlet | Found a runed translucent gate.
 13034 | Gauntlet | Found a transporter.
 13035 | Gauntlet | Found a transporter.
 13038 | Gauntlet | Found a transporter.
 13038 | Gauntlet | Found a transporter.
 13055 | Gauntlet | Found a transporter.
 13057 | Gauntlet | Found a transporter.
 13069 | Gauntlet | Found a transporter.
 13148 | Gauntlet | Found a runed translucent door.
 13149 | Gauntlet | Found a large runed translucent door.
 13149 | Gauntlet | Found a large runed translucent door.
 13149 | Gauntlet | Found a large runed translucent door.
 13149 | Gauntlet | Found a large runed translucent door.
 13150 | Gauntlet | Found a large runed translucent door.
 13150 | Gauntlet | Found a large runed translucent door.
 13151 | Gauntlet | Found a large runed translucent door.
 13151 | Gauntlet | Found a large runed translucent door.
 13161 | Gauntlet | Found a runed translucent gate.
 13177 | Gauntlet | Found a transporter.
 13181 | Gauntlet | Found a transporter.
 13193 | Gauntlet | Found a transporter.
 13405 | Gauntlet | Identified the +1 lajatang "Ronalydgh" {venom, Str+3 Int+4}
 13405 | Gauntlet | Noticed a minotaur
 13411 | Gauntlet | Killed a minotaur
 13551 | Lair:3   | Got a twisted war axe
 13552 | Lair:3   | Identified the +7 war axe of Governance {chop, Fragile rC+
                  | rN+ Str+2} (You acquired it on level 3 of the Lair of
                  | Beasts)
 13695 | Lair:3   | Gained mutation: Your large and strong wings let you fly
                  | indefinitely. [Gargoyle growth]
 13695 | Lair:3   | Reached XP level 14. HP: 56/94 MP: 14/14
 14306 | Lair:4   | Received a gift from Trog
 14793 | Lair:4   | Found a staircase to the Shoals.
 15736 | Lair:5   | Found a viscous altar of Jiyva.
 15748 | Lair:5   | Found a staircase to the Slime Pits.
 16125 | Lair:5   | Found a dark tunnel.
 16204 | Lair:6   | Entered Level 6 of the Lair of Beasts
 16221 | Lair:6   | Reached skill level 10 in Dodging
 16308 | Lair:6   | Reached skill level 14 in Fighting
 16721 | Lair:6   | Received a gift from Trog
 16736 | Lair:6   | Got a translucent executioner's axe {god gift}
 16887 | Lair:6   | Identified the +3 executioner's axe "Kuniur" {chop, rPois
                  | MR+} (Trog gifted it to you on level 6 of the Lair of
                  | Beasts)
 17084 | Lair:6   | Noticed a dire elephant
 17101 | Lair:6   | Killed a dire elephant
 17340 | Lair:6   | Reached XP level 15. HP: 78/101 MP: 15/15
 19109 | D:13     | Found a transporter.
 19363 | D:13     | Found a flagged portal.
 19373 | D:13     | Found Fagopuh's Hallowed Reliquary.
 19373 | D:13     | Found a glowing silver altar of Zin.
 19383 | D:13     | Noticed an angel
 19410 | Bailey   | Entered a bailey
 19464 | Bailey   | Received a gift from Trog
 19669 | D:13     | Reached skill level 15 in Fighting
 19676 | D:13     | Bought a potion of heal wounds for 85 gold pieces
 19676 | D:13     | Bought a potion of heal wounds for 85 gold pieces
 19724 | D:13     | Found a transporter.
 19725 | D:13     | Found a corrupted altar of Lugonu.
 19855 | D:13     | Found a gate to the Vaults.
 20161 | D:14     | Found a shimmering altar of Xom.
 20161 | D:14     | Found a shimmering altar of Xom.
 20161 | D:14     | Found a shimmering altar of Xom.
 20161 | D:14     | Found a shimmering altar of Xom.
 20163 | D:14     | Found Jiuxiq's Armour Shoppe.
 20261 | D:14     | Identified the ring "Huabryoq" {*Contam +Fly rN+ Stlth-}
 20812 | D:15     | Entered Level 15 of the Dungeon
 20867 | D:15     | Reached XP level 16. HP: 107/108 MP: 16/16
 20869 | D:15     | Received a gift from Trog
 21564 | D:15     | Found a staircase to the Depths.
 22252 | Depths:1 | Entered Level 1 of the Depths
 22466 | Orc:1    | Entered Level 1 of the Orcish Mines
 22467 | Orc:1    | Noticed Snorg
 22479 | Orc:1    | Killed Snorg
 22479 | Orc:1    | Received a gift from Trog
 22650 | Orc:1    | Noticed Harold
 22674 | Orc:1    | Killed Harold
 22881 | Orc:1    | Found Uhihuol's Magic Scroll Shoppe.
 22922 | Orc:2    | Entered Level 2 of the Orcish Mines
 22969 | Orc:2    | Paralysed by an ogre mage for 5 turns
 22990 | Orc:2    | Reached skill level 16 in Fighting
 23017 | Orc:2    | Reached skill level 15 in Armour
 23021 | Orc:2    | Received a gift from Trog
 23446 | Orc:2    | Found Detram's Magic Scroll Boutique.
 23447 | Orc:2    | Found Okoegah's Weapon Emporium.
 23447 | Orc:2    | Found Limm's Food Boutique.
 23447 | Orc:2    | Found Bocir's General Store.
 23513 | Orc:2    | Found a staircase to the Elven Halls.
 23758 | Orc:2    | Found Ixikk's General Store.
 24142 | D:14     | Bought the +6 plate armour "Rytsoa" {rElec rF+ Dex+2
                  | Slay+3} for 1634 gold pieces
 24142 | D:14     | Bought a +2 pair of boots of stealth for 387 gold pieces
 24369 | Snake:1  | Entered Level 1 of the Snake Pit
 24420 | Snake:1  | Noticed Kirke
 24440 | Snake:1  | Killed Kirke
 24440 | Snake:1  | Reached XP level 17. HP: 87/116 MP: 17/17
 24519 | Snake:1  | Received a gift from Trog
 25015 | Snake:1  | Found Tylevu's Armour Shop.
 25017 | Snake:1  | Found Qucyif's Weapon Shop.
 25017 | Snake:1  | Found Afiritic's General Store.
 25024 | Snake:1  | Found Jaut's Book Boutique.
 25219 | Snake:1  | Noticed Josephine
 25229 | Snake:1  | Killed Josephine
 25324 | Snake:1  | Noticed Roxanne
 26371 | Snake:2  | Reached skill level 17 in Fighting
 26807 | Snake:2  | Received a gift from Trog
 27550 | Snake:3  | Noticed Aizul
 27575 | Snake:3  | Killed Aizul
 27654 | Snake:3  | Reached XP level 18. HP: 121/124 MP: 18/18
 27806 | Snake:3  | Reached skill level 15 in Axes
 28328 | Snake:4  | Entered Level 4 of the Snake Pit
 28536 | Snake:4  | Received a gift from Trog
 28573 | Snake:4  | Found a deep blue altar of Sif Muna.
 28928 | Snake:4  | Found Tuveab's Gadget Shop.
 28928 | Snake:4  | Found Nomily's Jewellery Shoppe.
 28929 | Snake:4  | Found Siorus's Gadget Shop.
 29049 | Snake:4  | Found Duzyasots's Distillery.
 29073 | Snake:4  | Bought 2 potions of heal wounds for 120 gold pieces
 30127 | Snake:4  | Reached skill level 18 in Fighting
 30153 | Snake:4  | Received a gift from Trog
 30154 | Snake:4  | Found the +8 frozen axe "Frostbite" {freezing cloud, *Noise
                  | +Fly rC+}
 30663 | Snake:4  | Got a serpentine rune of Zot
 30899 | Shoals:1 | Entered Level 1 of the Shoals
 31201 | Shoals:1 | Noticed Jorgrun
 31212 | Shoals:1 | Killed Jorgrun
 31286 | Shoals:1 | Reached XP level 19. HP: 127/130 MP: 19/19
 31344 | Shoals:1 | You are sucked into a shaft!
 31421 | Shoals:2 | Received a gift from Trog
 32367 | Shoals:3 | Received a gift from Trog
 33272 | Shoals:4 | Entered Level 4 of the Shoals
 34027 | Shoals:4 | Identified the +4 robe of Afiri {*Slow rElec rF++ Str+3}
 34327 | Shoals:4 | Got a barnacled rune of Zot
 35152 | Elf:1    | Entered Level 1 of the Elven Halls
 35235 | Elf:1    | Received a gift from Trog
 35284 | Elf:1    | Cast into level 3 of the Abyss (a deep elf sorcerer)
 35429 | Abyss:3  | Reached skill level 19 in Fighting
 35482 | Abyss:3  | Reached XP level 20. HP: 128/139 MP: 20/20
 35505 | Elf:1    | Escaped the Abyss
 35692 | Elf:1    | You are sucked into a shaft!
 35692 | Elf:2    | Found a huge runed translucent gate.
 35692 | Elf:2    | Found a huge runed translucent gate.
 35692 | Elf:2    | Found a huge runed translucent gate.
 35692 | Elf:2    | Found a huge runed translucent gate.
 35722 | Elf:2    | Received a gift from Trog
 35941 | Elf:2    | Found a huge runed translucent gate.
 36403 | Elf:2    | Found a portal to a secret trove of treasure.
 36496 | Elf:2    | Received a gift from Trog
 36687 | Elf:3    | Entered Level 3 of the Elven Halls
 37067 | Vaults:1 | Entered Level 1 of the Vaults
 37146 | Vaults:1 | Reached skill level 15 in Dodging
 37613 | Vaults:1 | Received a gift from Trog
 37919 | Vaults:1 | Found a burning altar of Makhleb.
 38376 | Vaults:2 | Noticed Asterion
 38378 | Vaults:2 | Reached XP level 21. HP: 133/145 MP: 21/21
 38422 | Vaults:2 | Killed Asterion
 38868 | Vaults:2 | Found Tumysmy's Distillery.
 38876 | Vaults:2 | Bought a potion of heal wounds for 100 gold pieces
 39239 | Vaults:2 | Reached skill level 20 in Fighting
 39465 | Vaults:2 | Received a gift from Trog
 39768 | Vaults:2 | Found a staircase to the Crypt.
 39768 | Vaults:2 | Found an ancient bone altar of Kikubaaqudgha.
 39769 | Vaults:2 | Found a basalt altar of Yredelemnul.
 40344 | Vaults:3 | Got a pair of distressingly furry gloves
 40355 | Vaults:3 | Identified the cursed +0 pair of gloves "Kieb" {MR++} (You
                  | found it on level 3 of the Vaults)
 40558 | Vaults:3 | HP: 6/146 [deep troll shaman[an ironheart preserver] (23)]
 40559 | Vaults:3 | Slain by a deep troll shaman

Skill      XL: |  1  2  3  4  5  6  7  8  9 10 11 12 13 14 15 16 17 18 19 20 21 |
---------------+----------------------------------------------------------------+-----
Axes           | 3 4 5 6 8 9 11 12 13 14 15 16 17 | 17.5
Dodging        | 2 3 4 6 7 8 9 10 11 12 13 14 15 | 15.7
Armour         | 3 4 5 6 7 9 10 11 13 14 15 16 17 18 19 | 19.5
Fighting       | 4 5 6 8 9 10 12 13 14 15 16 17 18 19 20 | 20.2

Action                   |  1- 3 |  4- 6 |  7- 9 | 10-12 | 13-15 | 16-18 | 19-21 || total
-------------------------+-------+-------+-------+-------+-------+-------+-------++-------
Melee: Hand axe          |   107 |   219 |   159 |       |       |       |       ||   485
       War axe           |       |       |   189 |       |   900 |  1370 |  1337 ||  3796
       Battleaxe         |       |       |    84 |   503 |    67 |       |       ||   654
       Executioner's axe |       |       |       |    71 |       |       |       ||    71
       Unarmed           |       |       |       |       |       |     4 |       ||     4
Invok: Berserk           |     1 |     2 |     4 |     3 |     9 |     9 |     3 ||    31
       Trog's Hand       |       |       |       |       |       |     2 |     1 ||     3
       Brothers in Arms  |       |       |       |       |       |     1 |     4 ||     5
 Abil: Fly               |       |       |       |       |     1 |       |       ||     1
  Use: Scroll            |       |       |     3 |    24 |    12 |    12 |    11 ||    62
       Potion            |       |       |       |     1 |       |     1 |     3 ||     5
 Stab: Sleeping          |       |     1 |       |       |       |       |       ||     1
  Eat: Chunk             |     3 |    23 |    14 |    27 |    39 |    44 |    37 ||   187
Armor: Animal skin       |    52 |    32 |       |       |       |       |       ||    84
       Plate armour      |       |   128 |   386 |   632 |  1059 |  1312 |   908 ||  4425
Dodge: Dodged            |   101 |   135 |   231 |   501 |   768 |   956 |   776 ||  3468
